 Dungeon Crawl Stone Soup version 0.20.1-1-g8b1a95d (webtiles) character file.

219 warjlok the Grave Robber (level 5, -11/36 HPs)
             Began as a Demonspawn Necromancer on Sept 5, 2017.
             Mangled by Crazy Yiuf
             ... wielding a +3 quarterstaff of chaos
              (13 damage)
             ... on level 3 of the Dungeon.
             The game lasted 00:29:02 (4835 turns).

warjlok the Grave Robber (Demonspawn Necromancer)   Turns: 4835, Time: 00:29:03

Health: -11/36     AC:  5    Str:  8    XL:     5   Next: 64%
Magic:  18/18      EV: 12    Int: 17    God:
Gold:   85         SH:  0    Dex: 14    Spells: 8/10 levels left

rFire    . . .     SeeInvis .   n - +0 dagger (flame)
rCold    . . .     Gourm    .   (no shield)
rNeg     . . .     Faith    .   a - +0 robe
rPois    .         Spirit   .   (helmet restricted)
rElec    .         Reflect  .   (no cloak)
rCorr    .         Harm     .   (no gloves)
MR       .....                  (boots unavailable)
Stlth    ++........             (no amulet)
Regen    0.2/turn               p - ring of magical power
MPRegen  0.2/turn               H - +3 ring of protection

@: drained
A: antennae 1, hooves 3
a: no special abilities


You were on level 3 of the Dungeon.
You were hungry.

You visited 1 branch of the dungeon, and saw 3 of its levels.

You collected 85 gold pieces.

Inventory:

Hand Weapons
 d - a +0 club
 h - a +0 short sword
 i - a +0 club
 l - a +0 mace
 n - a +0 dagger of flaming (weapon)
 o - a +0 club
 s - a +0 club
 u - a +0 club
 w - a +0 club
 x - a +0 mace
 E - a +2 hunting sling of flaming
 K - a +0 dagger
Missiles
 g - 84 stones (quivered)
 v - 7 javelins
 z - 33 sling bullets
 B - 7 tomahawks
 N - 14 arrows
Armour
 a - a +0 robe (worn)
 j - a +0 helmet
 D - a +1 helmet
 L - a +0 leather armour
Jewellery
 p - a ring of magical power (left hand)
 H - a +3 ring of protection (right hand)
 I - an uncursed ring of wizardry {unknown}
Scrolls
 e - a scroll of magic mapping {unknown}
 m - a scroll of enchant weapon {unknown}
 y - a scroll of noise {unknown}
 C - a scroll of identify {unknown}
 G - a scroll of immolation {unknown}
 J - 3 scrolls of enchant armour {unknown}
 P - a scroll of blinking {unknown}
Potions
 f - a potion of heal wounds {unknown}
 k - 3 potions of cancellation {unknown}
 r - 3 potions of curing {unknown}
 A - a potion of brilliance {unknown}
 F - a potion of haste {unknown}
Books
 b - a book of Necromancy

   Spells                             Type                      Level
   a - Pain                           Necromancy                   1
   b - Animate Skeleton               Necromancy                   1
   c - Vampiric Draining              Necromancy                   3
   d - Regeneration                   Charms/Necromancy            3
   e - Animate Dead                   Necromancy                   4
   f - Control Undead                 Necromancy                   4
Comestibles
 c - 4 bread rations
 q - 3 royal jellies
 t - 5 fruits
 M - a meat ration


   Skills:
 + Level 0.4(0.1) Fighting
 * Level 2.2(1.9) Short Blades
 - Level 0.1(0.0) Maces & Flails
 + Level 2.0(1.7) Dodging
 + Level 2.3(2.0) Stealth
 + Level 3.2(2.9) Spellcasting
 + Level 5.7(5.4) Necromancy


You had 8 spell levels left.
You knew the following spells:

 Your Spells              Type           Power        Failure   Level  Hunger
a - Pain                  Necr           ###.         1%          1    #......
b - Animate Skeleton      Necr           N/A          1%          1    #......


Dungeon Overview and Level Annotations

Branches:
Dungeon (3/15)

Altars:
Nemelex Xobeh

Annotations:
D:3 Crazy Yiuf, Natasha


Innate Abilities, Weirdness & Mutations

You have a pair of small antennae on your head.
You have hooves in place of feet.


Message History

You hit Crazy Yiuf but do no damage.
Crazy Yiuf is moderately wounded.
The crimson imp hits you but does no damage.
You closely miss Crazy Yiuf. Your kick misses Crazy Yiuf.
Crazy Yiuf is moderately wounded.
Crazy Yiuf hits you but does no damage.
The crimson imp blinks!
You hit Crazy Yiuf but do no damage. You kick Crazy Yiuf.
Crazy Yiuf is heavily wounded.
Crazy Yiuf barely misses you. The crimson imp closely misses you.
You closely miss Crazy Yiuf.
Crazy Yiuf is heavily wounded.
Crazy Yiuf hits you with a quarterstaff of chaos!
* * * LOW HITPOINT WARNING * * *
Crazy Yiuf draws strength from your wounds!
The crimson imp hits you but does no damage.
You hit Crazy Yiuf. You burn Crazy Yiuf.
Crazy Yiuf is heavily wounded.
Crazy Yiuf whimpers, "Paint!
Hah aubergine arga."
Crazy Yiuf hits you with a quarterstaff of chaos!
You die...

######..#####.#######
#...## ..# #....#####
##..## #...# #.Z.#
##.## ##5# #@## ##g#
#{## #5# ... #...#
#)..# #####


You could see Crazy Yiuf and 2 crimson imps.

Vanquished Creatures
  Natasha (twice) (D:3)
  A worker ant (D:3)
  4 gnolls (D:3)
  3 adders
  3 worms
  7 dart slugs
  3 giant cockroaches
  7 hobgoblins
  2 quokkas
  2 ball pythons
  8 bats
  4 frilled lizards
  7 goblins
  3 kobolds
  10 rats
66 creatures vanquished.

Vanquished Creatures (collateral kills)
  A rat (D:2)
1 creature vanquished.

Grand Total: 67 creatures vanquished

Notes
Turn   | Place    | Note
-------+----------+-------------------------------------------
     0 | D:1      | warjlok the Demonspawn Necromancer began the quest for the Orb.
     0 | D:1      | Reached XP level 1. HP: 13/13 MP: 3/3
     2 | D:1      | Learned a level 1 spell: Animate Skeleton
   966 | D:1      | Gained mutation: You have a pair of small antennae on your head. [demonic ancestry]
   966 | D:1      | Reached XP level 2. HP: 19/19 MP: 5/5
  1696 | D:2      | Found a sparkling altar of Nemelex Xobeh.
  1716 | D:2      | Gained mutation: You have large cloven feet. [demonic ancestry]
  1716 | D:2      | Reached XP level 3. HP: 24/24 MP: 6/6
  2048 | D:2      | Reached skill level 1 in Short Blades
  2048 | D:2      | Reached skill level 5 in Necromancy
  3303 | D:2      | Gained mutation: You have hoof-like feet. [demonic ancestry]
  3303 | D:2      | Reached XP level 4. HP: 28/30 MP: 7/7
  4139 | D:3      | Noticed Natasha
  4147 | D:3      | Killed Natasha
  4147 | D:3      | Gained mutation: You have hooves in place of feet. [demonic ancestry]
  4147 | D:3      | Reached XP level 5. HP: 5/35 MP: 9/9
  4501 | D:3      | Noticed Natasha
  4509 | D:3      | Killed Natasha
  4809 | D:3      | Found a runed door.
  4813 | D:3      | Noticed Crazy Yiuf
  4813 | D:3      | Noticed Natasha
  4835 | D:3      | Mangled by Crazy Yiuf

Skill      XL: |  1  2  3  4  5 |
---------------+----------------+-----
Stealth        | 2 |  2.3
Short Blades   | 1 2 |  2.2
Necromancy     | 5 |  5.7
Dodging        | 2 |  2.0
Spellcasting   | 3 |  3.2
Fighting       | |  0.4
Maces & Flails | |  0.1

Action                   |  1- 3 |  4- 6 || total
-------------------------+-------+-------++-------
Melee: Club              |    35 |       ||    35
       Unarmed           |     1 |       ||     1
       Dagger            |    16 |    53 ||    69
       Kick              |     5 |    13 ||    18
 Cast: Pain              |    52 |    47 ||    99
       Animate Skeleton  |     2 |     3 ||     5
 Stab: Sleeping          |     3 |     3 ||     6
  Eat: Chunk             |     7 |       ||     7
       Meat ration       |     1 |       ||     1
Armor: Robe              |    17 |    18 ||    35
Dodge: Dodged            |    54 |    35 ||    89
